Unix NetHack Version 5.0.0-0 post-release - last build May 10 2026 23:12:36 (d1fa5d53e341ca933230fdaa984d921c805b60aa,branch:main).

Game began 2026-05-11 05:41:09, ended 2026-05-11 06:02:01.

7spoons, lawful female human Valkyrie

                            ------
                            |....|
                            |.....#####    ----------------
                            |....|    ##   |..............|
                            -|-+--     ####|...>..........|
                             #            #-..............|
   ------------              #             ------------.---
   |...........#             #                       ###
   |..........|####          #                       # #
   |...........###############                         #
   ------------   ## ##      #                         #
                      #                                #
                      #------.-                        ##
                      #-......|              -----.-+---.--
                       |......|              |.@S.........|
                       |.<.(..|              .S.Sd..(......
                       --------              --------------

7spoons the Stripling       St:17 Dx:12 Co:15 In:8 Wi:11 Ch:10  Lawful
Dlvl:4  $:476 HP:0(25) Pw:5(5) AC:6  Xp:2 T:1488 

Latest messages:
 You see here a long sword.
 x - a long sword.
 You see here 10 gold pieces.
 $ - 10 gold pieces (476 in total).
 You descend the stairs.
 You climb up the stairs.
 You see here a large box.
 #
 Hmmm, the large box turns out to be locked.
 You see here 2 eggs.
 Your little dog eats an egg.
 Your little dog eats an egg.
 #
 What do you want to dip? [a-dfjlmp-rt-x or ?*]
 Dip a long sword into the fountain? [yn] (n)
 Your long sword rusts!
 #
 What do you want to dip? [a-dfjlmp-rt-x or ?*]
 Dip a rusty long sword into the fountain? [yn] (n)
 Nothing seems to happen.
 #
 What do you want to dip? [a-dfjlmp-rt-x or ?*]
 Dip a rusty long sword into the fountain? [yn] (n)
 An endless stream of snakes pours forth!
 The little dog bites the water moccasin.
 The water moccasin misses the little dog.
 You hit the water moccasin!
 The water moccasin bites!
 The water moccasin bites!
 The water moccasin just misses!
 The little dog misses the water moccasin.
 You miss the water moccasin.
 The water moccasin bites!
 The water moccasin bites!
 The water moccasin bites!
 The little dog misses the water moccasin.
 The water moccasin just misses!
 The little dog misses the water moccasin.
 You miss the water moccasin.
 The water moccasin bites!
 The water moccasin bites!
 The water moccasin bites!
 The little dog misses the water moccasin.
 The water moccasin bites!
 You die...
 Do you want your possessions identified? [ynq] (y)
 Do you want to see your attributes? [ynq] (y)
 Do you want an account of creatures vanquished? [ynaq] (y)
 Do you want to see your conduct and achievements? [ynq] (y)
 Do you want to see the dungeon overview? [ynq] (y)

Inventory:
 Coins    ('$')
  $ - 476 gold pieces
 Weapons  (')')
  b - a +0 dagger (at the ready)
  q - a +0 orcish dagger
  a - a +1 spear (weapon in right hand)
  m - a blessed rusty +2 long sword
  x - a +0 long sword
 Armor    ('[')
  c - an uncursed +3 small shield (being worn)
 Comestibles  ('%')
  d - 2 uncursed food rations
 Scrolls  ('?')
  j - an uncursed scroll of create monster
  r - a cursed scroll of enchant armor
  t - a blessed scroll of identify
  f - 2 uncursed scrolls of stinking cloud
 Potions  ('!')
  u - an uncursed potion of gain energy
  v - 2 uncursed potions of healing
 Wands    ('/')
  l - a wand of stasis (0:5)
 Tools    ('(')
  p - an uncursed mirror
 Gems/Stones  ('*')
  w - an uncursed worthless piece of white glass

7spoons the Valkyrie's attributes:

Background:
 You were a Stripling, a level 2 human Valkyrie.
 You were lawful, nominally on a mission for Tyr
 who was opposed by Odin (neutral) and Loki (chaotic).
 You were right-handed.
 You were in the Dungeons of Doom, on level 4.
 You entered the dungeon 1488 turns ago.
 You had 22 experience points, 18 more were needed to attain level 3.

Basics:
 You had 0 out of 25 hit points.
 You had all 5 energy points (spell power).
 Your armor class was 6.
 Your wallet contained 476 zorkmids.
 Autopickup was off.

Final Characteristics:
 Your strength was 17 (limit:18/100).
 Your dexterity was 12 (limit:18).
 Your constitution was 15 (limit:18).
 Your intelligence was 8 (limit:18).
 Your wisdom was 11 (limit:18).
 Your charisma was 10 (limit:18).

Final Status:
 You weren't hungry.
 You were unencumbered.
 You were wielding a spear.
 You had basic skill with spear.

Final Attributes:
 You were devoutly aligned.
 You were cold resistant.
 You are dead.

Miscellaneous:
 You didn't encounter any bones levels.
 Total elapsed playing time was 20 minutes and 51 seconds.

Major events:
 Turn
    1: 7spoons the lawful human Valkyrie entered the dungeon
  739: entered the Gnomish Mines
 1488: killed by a water moccasin

You didn't know any spells.

Skills:
 Fighting Skills
   bare handed combat [Unskilled]
   two weapon combat  [Unskilled]
   riding             [Unskilled]
 Weapon Skills
   dagger             [Basic]
   axe                [Unskilled]
   pick-axe           [Unskilled]
   short sword        [Unskilled]
   broadsword         [Unskilled]
   long sword         [Unskilled]
   two-handed sword   [Unskilled]
   saber              [Unskilled]
   hammer             [Unskilled]
   quarterstaff       [Unskilled]
   polearms           [Unskilled]
   spear              [Basic]
   trident            [Unskilled]
   lance              [Unskilled]
   sling              [Unskilled]
 Spellcasting Skills
   attack spells      [Unskilled]
   escape spells      [Unskilled]

Voluntary challenges:
 Character rerolling was not enabled.
 You were an atheist.
 You were illiterate.
 You never genocided any monsters.
 You never polymorphed an object.
 You never changed form.
 You used no wishes.
Achievements:
 You entered a shop.
 You entered the Gnomish Mines.

 The Dungeons of Doom: levels 1 to 5
    Level 1:
       A fountain.
    Level 2:
       A general store, a fountain.
       Stairs down to The Gnomish Mines.
    Level 3:
       A scroll shop, a fountain.
    Level 4: <- You were here.
       A fountain.
       Final resting place for
          you, killed by a water moccasin.
    Level 5:
 The Gnomish Mines:
    Level 3:


Vanquished creatures:
 an orc zombie
  a brown mold
  3 jackals
  a fox
  a kobold
  3 goblins
  3 grid bugs
  3 lichens
  9 newts
25 creatures vanquished.

No species were genocided or became extinct.

Game over:
                       ----------
                      /          \
                     /    REST    \
                    /      IN      \
                   /     PEACE      \
                  /                  \
                  |     7spoons      |
                  |      476 Au      |
                  |   killed by a    |
                  |  water moccasin  |
                  |                  |
                  |                  |
                  |       2026       |
                 *|     *  *  *      | *
        _________)/\\_//(\/(/\)/\//\/|_)_______

Farvel 7spoons the Valkyrie...

You died in The Dungeons of Doom on dungeon level 4 with 717 points,
and 476 pieces of gold, after 1488 moves.
You were level 2 with a maximum of 25 hit points when you died.

